 Dungeon Crawl Stone Soup version 0.22-a0-480-g991dd4b (webtiles) character file.

55 Amnesiac the Charlatan (level 3, -2/17 HPs)
             Began as a Spriggan Artificer on June 16, 2018.
             Slain by an orc wizard
             ... wielding a +0 dagger
              (4 damage)
             ... on level 4 of the Dungeon.
             The game lasted 00:03:10 (909 turns).

Amnesiac the Charlatan (Spriggan Artificer)          Turns: 909, Time: 00:03:11

Health: -2/17      AC:  4    Str:  9    XL:     3   Next: 67%
Magic:  8/8        EV: 18    Int: 12    God:
Gold:   42         SH:  0    Dex: 16    Spells: 2/2 levels left

rFire    . . .     SeeInvis +   a - +4 club
rCold    . . .     Gourm    +   (shield restricted)
rNeg     . . .     Faith    .   o - +0 robe
rPois    .         Spirit   .   (helmet restricted)
rElec    .         Reflect  .   (no cloak)
rCorr    .         Harm     .   (gloves unavailable)
MR       .....                  (boots unavailable)
Stlth    ++........             p - amulet of the gourmand
HPRegen  0.05/turn              h - +2 ring of protection
MPRegen  0.11/turn              (no ring)

@: very quick
A: very small, unfitting armour, see invisible, herbivore, speed 3, slow
metabolism 2
a: no special abilities


You were on level 4 of the Dungeon.
You were not hungry.

You visited 1 branch of the dungeon, and saw 4 of its levels.

You collected 42 gold pieces.

Inventory:

Hand Weapons
 a - a +4 club (weapon)
 b - a +0 blowgun
 j - a +0 short sword
Armour
 o - a +0 robe (worn)
Jewellery
 h - a +2 ring of protection (left hand)
 p - an amulet of the gourmand (around neck)
Wands
 c - a wand of flame (15)
 d - a wand of enslavement (15)
 e - a wand of random effects (13)
Scrolls
 i - a scroll of remove curse {!r, unknown}
 m - a scroll of fog {!r, unknown}
 n - a scroll of identify {!r, unknown}
 r - a scroll of teleportation {!r, unknown}
Potions
 g - a potion of ambrosia {!q}
 k - a potion of lignification {!q, unknown}
 l - a potion of curing {!q, unknown}
Comestibles
 f - a ration


   Skills:
 - Level 0.7 Fighting
 - Level 1.1 Short Blades
 - Level 3.0 Dodging
 - Level 1.5 Stealth
 + Level 6.2 Evocations


You had 2 spell levels left.
You didn't know any spells.
Your spell library was empty.

Dungeon Overview and Level Annotations

Branches:
Dungeon (4/15)
 Temple: D:4-7

Altars:


Innate Abilities, Weirdness & Mutations

You are very small and have problems with some larger weapons.
You are too small for most types of armour.
You have supernaturally acute eyesight. (SInv)
You are a herbivore.
You cover ground extremely quickly.
You need to consume almost no food.


Message History

An orc wizard comes into view. It is wielding a dagger.
The orc wizard shouts!
a - a +0 short sword (weapon)
Unknown command.
Wield which item (- for none, * to show all)? (? for menu, Esc to quit)
Okay, then.
Adjust (i)tems, (s)pells, or (a)bilities?
Adjust which item? (? for menu, Esc to quit)
Okay, then.
Adjust (i)tems, (s)pells, or (a)bilities?
Adjust which item? (? for menu, Esc to quit)
j - a +4 club Adjust to which letter? (? for menu, Esc to quit)
a - a +4 club;
j - a +0 short sword (weapon)
Adjust (i)tems, (s)pells, or (a)bilities?
Adjust which item? (? for menu, Esc to quit)
o - a +0 blowgun Adjust to which letter? (? for menu, Esc to quit)
b - a +0 blowgun;
o - a +0 robe (worn)
Unknown command.
Adjust (i)tems, (s)pells, or (a)bilities?
Adjust which item? (? for menu, Esc to quit)
Okay, then.
Put on which piece of jewellery? (? for menu, Esc to quit)
You feel a craving for the dungeon's cuisine.
p - an amulet of the gourmand (around neck) Wield which item (- for none, * to show all)? (? for menu, Esc to quit)
b - a +0 blowgun (weapon)
You hear the slow rusting of a very distant drain.
You hear the slow hiss of a very distant avalanche of sand.
The orc wizard hits you but does no damage.
Firing (i - inventory)
q - 2 curare-tipped needles (quivered)
Press: ? - help, Shift-Dir - straight line, f - orc wizard
Aim: an orc wizard, wielding a dagger and wearing a robe You shoot a curare-tipped needle.
The curare-tipped needle closely misses the orc wizard.
An orc priest comes into view.
The orc wizard completely misses you.
Firing (i - inventory)
q - a curare-tipped needle (quivered)
Press: ? - help, Shift-Dir - straight line, f/p - orc wizard
Aim: an orc wizard, wielding a dagger and wearing a robe You shoot a curare-tipped needle.
The curare-tipped needle hits the orc wizard.
The orc wizard is poisoned.
The orc wizard convulses.
The orc wizard seems to slow down.
The orc wizard is moderately wounded.
The orc priest shouts!
The orc wizard hits you with a dagger.
Wield which item (- for none, * to show all)? (? for menu, Esc to quit)
a - a +4 club (weapon)
You closely miss the orc wizard.
The orc wizard is heavily wounded.
The orc wizard hits you with a dagger.
You closely miss the orc wizard.
The orc wizard is heavily wounded.
The orc wizard hits you but does no damage.
You hit the orc wizard.
The orc wizard is heavily wounded.
The orc priest invokes the aid of Beogh against you.
Beogh smites you!
Ouch! That really hurt!
* * * LOW HITPOINT WARNING * * *
The orc wizard hits you with a dagger.
You die...

#############
.....oo@....#
####.######.#
#.# #.# #.#
#.# #.# #.#
###.#


You could see an orc priest and an orc wizard.

Vanquished Creatures
  Jessica (D:2)
  An adder (D:3)
  A worm (D:2)
  2 leopard geckos
  A giant cockroach (D:1)
  2 goblins (D:2)
  A hobgoblin (D:3)
  4 kobolds
  A bat (D:2)
  2 frilled lizards
  2 rats
18 creatures vanquished.

Notes
Turn   | Place    | Note
-------+----------+-------------------------------------------
     0 | D:1      | Amnesiac the Spriggan Artificer began the quest for the Orb.
     0 | D:1      | Reached XP level 1. HP: 9/9 MP: 4/4
    84 | D:2      | Noticed Jessica
   162 | D:2      | Killed Jessica
   162 | D:2      | Reached skill level 5 in Evocations
   162 | D:2      | Reached XP level 2. HP: 14/14 MP: 4/6
   162 | D:2      | Reached XP level 3. HP: 17/17 MP: 5/8
   543 | D:3      | Reached skill level 6 in Evocations
   833 | D:4      | Noticed a big kobold
   909 | D:4      | Slain by an orc wizard

Vault maps used:
D:1:      dpeg_arrival_shelter, serial_bayou, serial_bayou_pond_e,
          serial_bayou_ford_a, serial_bayou_crossing, serial_bayou_shore_a,
          minmay_misc_feat_columns, xom_teletrap_fun
D:2:      kennysheep_cross_room, uniq_jessica
D:3:      first_ration, grunt_ministairs_2
D:4:      minmay_temple_entry_from_below_b, chequers_ossuary_entry_cave,
          gup_sewer_entry_pipe, nemelex_diamond_rough_becter, uniq_robin

Skill      XL: |  1  2  3 |
---------------+----------+-----
Evocations     | 5 6 |  6.2
Fighting       | |  0.7
Short Blades   | |  1.1
Dodging        | |  3.0
Stealth        | |  1.5

Action                   || total
-------------------------++-------
Melee: Short sword       ||    15
       Club              ||    40
 Fire: Blowgun           ||     3
Evoke: Wand              ||     2
  Use: Potion            ||     1
 Stab: Paralysed         ||     2
Armor: Robe              ||    14
Dodge: Dodged            ||    86

Table legend:
 A = Spawn XP
 B = Non-spawn XP
 C = Spawn XP percentage of total XP
 D = Spawn monster count
 E = Non-spawn monster count
 F = Spawn count percentage of total count
 G = Total turns spent on level
                    A         B        C        D         E        F      G
               +---------+---------+-------+---------+---------+-------+---------
         Total |       0 |      79 |   0.0 |       0 |      18 |   0.0 |   909
               +---------+---------+-------+---------+---------+-------+---------
           D:1 |       0 |       6 |   0.0 |       0 |       3 |   0.0 |    63
           D:2 |       0 |      53 |   0.0 |       0 |       8 |   0.0 |   408
           D:3 |       0 |      20 |   0.0 |       0 |       7 |   0.0 |   351
               +---------+---------+-------+---------+---------+-------+---------
